 Dungeon Crawl Stone Soup version 0.22-a0-348-gd16d139 (webtiles) character file.

19 BaronVonScrub the Skirmisher (level 2, 22/24 HPs)
             Began as a Demonspawn Berserker on Apr 7, 2018.
             Was a Follower of Trog.
             Got out of the dungeon alive.
             The game lasted 00:02:13 (626 turns).

BaronVonScrub the Skirmisher (Demonspawn Berserker)  Turns: 626, Time: 00:02:13

Health: 22/24      AC:  5    Str: 14    XL:     2   Next: 55%
Magic:  2/2        EV:  9    Int:  8    God:    Trog [*.....]
Gold:   36         SH:  0    Dex: 12    Spells: 1/1 levels left

rFire    . . .     SeeInvis .   a - +0 hand axe
rCold    . . .     Gourm    .   (no shield)
rNeg     . . .     Faith    .   e - +0 leather armour (curse)
rPois    .         Spirit   .   (no helmet)
rElec    .         Reflect  .   (no cloak)
rCorr    .         Harm     .   (no gloves)
MR       .....                  (no boots)
Stlth    +.........             (no amulet)
HPRegen  0.08/turn              f - -3 ring of evasion (curse)
MPRegen  0.08/turn              g - -3 ring of strength (curse)

@: no status effects
A: iridescent scales 1
a: Berserk, Renounce Religion


You escaped.
You worshipped Trog.
Trog was aware of your devotion.
You were not hungry.

You visited 1 branch of the dungeon, and saw 1 of its levels.

You collected 36 gold pieces.

Inventory:

Hand Weapons
 a - a +0 hand axe (weapon)
Armour
 b - a +1 animal skin
 e - a cursed +0 leather armour (worn)
Jewellery
 f - a cursed -3 ring of evasion (left hand)
 g - a cursed -3 ring of strength (right hand)
Scrolls
 d - a scroll of blinking
Comestibles
 c - 2 rations


   Skills:
 + Level 3.3 Fighting
 + Level 3.2 Axes
 + Level 1.7 Armour
 + Level 1.9 Dodging


You had one spell level left.
You didn't know any spells.

Dungeon Overview and Level Annotations

Branches:
Dungeon (1/15)

Altars:


Innate Abilities, Weirdness & Mutations

You are partially covered in iridescent scales. (AC +2)


Message History

The giant cockroach is almost dead.
You closely miss the rat. The rat bites you but does no damage.
The giant cockroach bites you.
You hit the giant cockroach but do no damage.
The giant cockroach is almost dead.
You hit the rat.
You kill the rat!
Trog accepts your kill. The giant cockroach bites you.
You hit the giant cockroach.
You kill the giant cockroach!
Trog accepts your kill.
You feel weaker.
Oops, that ring feels deathly cold.
g - a cursed -3 ring of strength (right hand) Unknown command.
There is a staircase leading out of the dungeon here.
You can't go down here!
Are you sure you want to leave the Dungeon?
This will make you lose the game!
You have escaped!

..........###..##### #..
.##................# #.#
#...#†####.##..###.# #.#
.####.## #.##..# #.# #.# ##
#..# #.##..# #.# #.# #
##.###.##.###### #.# #
##...##.####...#### #.#
####....####.........####.#
##...[..........@.........#
#.#....####.........####.####
#.##......####...#### #....#
#.###.##...# ##### ####.# #.#
####...# #.# #.# #.#
###...### #.# #.# #.#
##.......###.# #.# #.#
#>..)........# #.#
##.###.)......##### ##.##


There were no monsters in sight!

Vanquished Creatures
  A dart slug (D:1)
  A ball python (D:1)
  A giant cockroach (D:1)
  3 goblins (D:1)
  A hobgoblin (D:1)
  4 jackals (D:1)
  A frilled lizard (D:1)
  A kobold (D:1)
  2 rats (D:1)
15 creatures vanquished.

Notes
Turn   | Place    | Note
-------+----------+-------------------------------------------
     0 | D:1      | BaronVonScrub the Demonspawn Berserker began the quest for the Orb.
     0 | D:1      | Reached XP level 1. HP: 18/18 MP: 1/1
   216 | D:1      | Gained mutation: You are partially covered in iridescent scales. (AC +2) [demonic ancestry]
   216 | D:1      | Reached XP level 2. HP: 15/24 MP: 2/2
   626 | D:$      | Got out of the dungeon alive.

Vault maps used:
D:1:      dpeg_arrival_rhombus

Skill      XL: |  1  2 |
---------------+-------+-----
Axes           | 3 |  3.2
Fighting       | |  3.3
Armour         | |  1.7
Dodging        | |  1.9

Action                   || total
-------------------------++-------
Melee: Hand axe          ||    66
  Use: Scroll            ||     2
Armor: Animal skin       ||     7
       Leather armour    ||     9
Dodge: Dodged            ||    39

Table legend:
 A = Spawn XP
 B = Non-spawn XP
 C = Spawn XP percentage of total XP
 D = Spawn monster count
 E = Non-spawn monster count
 F = Spawn count percentage of total count
 G = Total turns spent on level
                    A         B        C        D         E        F      G
               +---------+---------+-------+---------+---------+-------+---------
         Total |       0 |      28 |   0.0 |       0 |      15 |   0.0 |   626
               +---------+---------+-------+---------+---------+-------+---------
           D:1 |       0 |      28 |   0.0 |       0 |      15 |   0.0 |   626
               +---------+---------+-------+---------+---------+-------+---------
